 Dungeon Crawl Stone Soup version 0.26.0-10-g1f06aea511 (webtiles) character file.

Game seed: 1684680622118882989

3647 ythm the Grappler (level 9, -4/76 HPs)
             Began as a Troll Hunter on Jan 14, 2021.
             Was a Priest of Makhleb.
             Slain by a two-headed ogre
             ... wielding a +0 giant club
              (10 damage)
             ... on level 8 of the Dungeon.
             The game lasted 00:09:39 (6480 turns).

ythm the Grappler (Troll Hunter)                    Turns: 6480, Time: 00:09:39

Health: -4/76      AC:  7    Str: 22    XL:     9   Next: 88%
Magic:  8/8        EV: 10    Int:  7    God:    Makhleb [***...]
Gold:   345        SH:  0    Dex: 13    Spells: 8/8 levels left

rFire    . . .     SeeInvis .     - Unarmed
rCold    . . .     Faith    .   (no shield)
rNeg     . . .     Spirit   .   b - +0 robe
rPois    .         Reflect  .   (helmet restricted)
rElec    .         Harm     .   y - +0 cloak
rCorr    .         Rampage  .   (gloves unavailable)
Will     .....                  (boots unavailable)
Stlth    +.........             (no amulet)
HPRegen  0.62/turn              (no ring)
MPRegen  0.11/turn              (no ring)

@: about to teleport
A: large, unfitting armour, claws 3, regeneration 1, shaggy fur 1, tough skin 3
a: Renounce Religion, Minor Destruction, Lesser Servant of Makhleb


You were on level 8 of the Dungeon.
You worshipped Makhleb.
Makhleb was most pleased with you.
You visited 2 branches of the dungeon, and saw 9 of its levels.

You collected 345 gold pieces.

Inventory:

Hand Weapons
 e - a +2 short sword of venom
 u - the +3 war axe "Laxzudant" {elec, rElec rC+ SInv Stlth+}
   (You found it on level 6 of the Dungeon)

   Occasionally, upon striking a foe, it can discharge electrical energy and
   cause terrible harm.
   It protects you from cold.
   It insulates you from electricity.
   It lets you see invisible.
   It makes you more stealthy.
 v - a +1 war axe of flaming
 x - the cursed +14 obsidian axe {vorpal, +Fly SInv *Curse}
   (You found it on level 7 of the Dungeon)

   It inflicts extra damage upon your enemies.
   It lets you see invisible.
   It lets you fly.
   It curses itself when equipped.
   It has a curse placed upon it.
Missiles
 c - 5 large rocks (quivered)
 d - 3 throwing nets
Armour
 b - a +0 robe (worn)
 y - a +0 cloak (worn)
Jewellery
 A - an uncursed amulet of magic regeneration {unknown}
Wands
 s - a wand of flame (18)
 t - a wand of iceblast (7)
Scrolls
 a - a scroll of enchant weapon
 f - a scroll of teleportation
 i - 5 scrolls of remove curse
 j - a scroll of immolation {unknown}
 k - 2 scrolls of amnesia {unknown}
 n - a scroll of magic mapping {unknown}
 o - 2 scrolls of fog {unknown}
 p - a scroll of enchant armour {unknown}
 q - a scroll of blinking {unknown}
 w - a scroll of vulnerability {unknown}
 z - a scroll of identify
Potions
 g - 4 potions of might
 h - 2 potions of heal wounds
 l - a potion of berserk rage
 m - 2 potions of curing {unknown}
 r - a potion of magic


   Skills:
 - Level 1.5 Fighting
 - Level 3.6 Throwing
 - Level 1.5 Dodging
 - Level 0.3 Stealth
 + Level 13.6 Unarmed Combat


You had 8 spell levels left.
You didn't know any spells.
Your spell library contained the following spells:

 Spells                   Type           Power        Failure   Level
 Summon Small Mammal      Summ           0%           43%         1
 Call Imp                 Summ           0%           56%         2
 Call Canine Familiar     Summ           0%           80%         3
 Summon Guardian Golem    Hex/Summ       0%           80%         3
 Summon Ice Beast         Ice/Summ       0%           99%         4
 Summon Lightning Spire   Summ/Air       0%           99%         4


Dungeon Overview and Level Annotations

Branches:
Dungeon (8/15)             Temple (1/1) D:4
   Lair: D:8-11

Altars:
Ashenzari
Cheibriados
Dithmenos
Elyvilon
Fedhas
Gozag
Hepliaklqana
Kikubaaqudgha
Makhleb
Nemelex Xobeh
Okawaru
Qazlal
Ru
Sif Muna
Trog
Uskayaw
Vehumet
Wu Jian
Xom
Yredelemnul
Zin
The Shining One
Beogh


Innate Abilities, Weirdness & Mutations

You are too large for most types of armour.
You have claws for hands.
Your natural rate of healing is unusually fast.
You are covered in fur. (AC +1)
You have extremely tough skin. (AC +3)


Message History

An orc comes into view.
The orc hits you.
The orc moves out of view.
Unknown command.
An orc comes into view. It is wielding a -2 flail.
The orc priest miscasts a cantrip.
Unknown command.
Unknown command.
You claw the two-headed ogre!
The two-headed ogre is heavily wounded.
The two-headed ogre barely misses you. x2; The orc barely misses you.
Unknown command.
Unknown command.
Unknown command.
You completely miss the two-headed ogre.
The two-headed ogre is heavily wounded.
The orc warrior barely misses you.
The two-headed ogre hits you with a +0 giant club!!
* * * LOW HITPOINT WARNING * * *
The two-headed ogre hits you with a cursed -3 giant club!
You die...

#.......#......#.....#.#..#
##.......#...oo
#.....#O...#
#........#ooooo
#..o..##...# #........#oooo
#.....##o..#.
#........#oooo
#.....##..... #....#####
#o####.....##†.### #....#
#oo........##).### ######
#oOo.......###>Z..
#@.........##.....
#############..... #.....
...... ....... ........
......... ..........
..S........


You could see a two-headed ogre, 2 orc warriors, an orc priest and 13 orcs.

Vanquished Creatures
  Grinder (D:3)
  Menkaure (D:6)
  The ghost of Nolbo the Insei, an amateur OpTm (D:4)
  Duvessa (D:5)
  4 orc warriors
  A sky beast (D:5)
  3 ice beasts
  2 ogres
  2 phantoms (D:4)
  A necrophage (D:8)
  A centaur (D:7)
  A big kobold (D:7)
  Blork the orc (D:5)
  3 bullfrogs
  Dowan (D:5)
  3 scorpions
  5 wights (D:6)
  A howler monkey (D:5)
  A bullfrog zombie (D:7)
  3 hounds
  7 orc priests
  A quasit (D:5)
  8 orc wizards
  Ijyb (D:5)
  2 iguanas
  2 worker ants
  A hound zombie (D:8)
  A hound skeleton (D:4)
  A worker ant zombie (D:6)
  7 gnolls
  14 adders
  A shadow imp (D:5)
  2 white imps
  An ooze (D:1)
  4 worms
  A dart slug (D:2)
  3 leopard geckos
  21 orcs
  A ball python (D:2)
  6 bats
  9 giant cockroaches
  4 goblins
  5 hobgoblins
  13 jackals
  12 kobolds
  8 quokkas
  5 frilled lizards
  A leopard gecko skeleton (D:5)
  A leopard gecko zombie (D:6)
  2 quokka skeletons
  6 rats
188 creatures vanquished.

Vanquished Creatures (others)
  A plant (D:4)
1 creature vanquished.

Grand Total: 189 creatures vanquished

Notes
Turn   | Place    | Note
-------+----------+-------------------------------------------
     0 | D:1      | ythm the Troll Hunter began the quest for the Orb.
     0 | D:1      | Reached XP level 1. HP: 19/19 MP: 0/0
    43 | D:1      | Reached skill level 1 in Unarmed Combat
    71 | D:1      | Reached XP level 2. HP: 27/27 MP: 1/1
    97 | D:1      | Reached skill level 2 in Unarmed Combat
   275 | D:1      | Reached XP level 3. HP: 22/33 MP: 2/2
   513 | D:2      | Reached skill level 3 in Unarmed Combat
   700 | D:1      | Reached XP level 4. HP: 25/41 MP: 3/3
   737 | D:2      | Reached skill level 4 in Unarmed Combat
  1824 | D:3      | Reached XP level 5. HP: 48/48 MP: 4/4
  1836 | D:3      | Reached skill level 5 in Unarmed Combat
  2067 | D:3      | Noticed Grinder
  2069 | D:3      | Paralysed by Grinder for 6 turns
  2089 | D:3      | Killed Grinder
  2090 | D:3      | Reached skill level 6 in Unarmed Combat
  2090 | D:3      | Reached XP level 6. HP: 8/55 MP: 5/5
  2391 | D:4      | Reached skill level 7 in Unarmed Combat
  2550 | D:4      | Reached XP level 7. HP: 55/62 MP: 6/6
  2702 | D:4      | Found a staircase to the Ecumenical Temple.
  2814 | Temple   | Entered the Ecumenical Temple
  2907 | Temple   | Became a worshipper of Makhleb the Destroyer
  2934 | D:4      | Found a runed translucent door.
  2935 | D:4      | Noticed Nolbo's ghost (amateur OpTm)
  3214 | D:4      | Killed Nolbo's ghost
  3215 | D:4      | Reached skill level 8 in Unarmed Combat
  3273 | D:5      | Entered Level 5 of the Dungeon
  3476 | D:5      | Noticed Dowan
  3477 | D:5      | Noticed Duvessa
  3486 | D:5      | Killed Duvessa
  3487 | D:5      | Reached skill level 9 in Unarmed Combat
  3487 | D:5      | Reached XP level 8. HP: 46/70 MP: 7/7
  3517 | D:5      | Killed Dowan
  3748 | D:5      | Reached skill level 10 in Unarmed Combat
  3902 | D:5      | Noticed Blork the orc
  3907 | D:5      | Killed Blork the orc
  3913 | D:5      | Noticed Ijyb
  3921 | D:5      | Killed Ijyb
  4492 | D:6      | Reached * piety under Makhleb
  4495 | D:6      | Reached skill level 11 in Unarmed Combat
  4644 | D:6      | Got a brightly glowing war axe
  4645 | D:6      | Identified the cursed +3 war axe "Laxzudant" {elec, rElec
                  | rC+ SInv Stlth+} (You found it on level 6 of the Dungeon)
  4837 | D:6      | Reached XP level 9. HP: 74/76 MP: 8/8
  4995 | D:6      | Noticed Menkaure
  4998 | D:6      | Killed Menkaure
  5273 | D:7      | Reached skill level 12 in Unarmed Combat
  5358 | D:7      | Reached ** piety under Makhleb
  5678 | D:7      | Found the cursed +14 obsidian axe {vorpal, +Fly SInv
                  | *Curse}
  6139 | D:8      | Reached skill level 13 in Unarmed Combat
  6175 | D:8      | Found a radiant altar of Vehumet.
  6215 | D:8      | Reached *** piety under Makhleb
  6289 | D:8      | Found a basalt altar of Yredelemnul.
  6444 | D:8      | Noticed a two-headed ogre
  6474 | D:8      | Found a roughly hewn altar of Beogh.
  6480 | D:8      | Slain by a two-headed ogre

Illustrated notes

Levels and vault maps discovered:
D:1:      scummos_arrival_hexagon, layout_rooms, hex_large,
          minmay_worlds_worst_comb
D:2:      layout_basic
D:3:      layout_rooms, minmay_misc_feat_square, chequers_hall_statues_corner_a,
          uniq_grinder
D:4:      layout_basic, minmay_temple_entry_slanted, ebering_ghost_sewer_d,
          serial_forest, infiniplex_forest_corner_1,
          infiniplex_forest_straight_5, infiniplex_forest_diagonal,
          infiniplex_forest_clump_small, infiniplex_forest_lined_room_2,
          infiniplex_forest_lined_3, hangedman_abyss_or_decor_jellyfish_corner
D:5:      layout_basic, uniq_duvessa, uniq_blork_the_orc, uniq_ijyb
D:6:      layout_loops_ring, serial_glass, glass_columns_b, glass_columns_c,
          kennysheep_potato, uniq_menkaure
D:7:      layout_loops_ring, corexii_item_surrounded_by_moat
D:8:      layout_basic, general_overflow_altar, special_room [special_room_orc],
          basic_altar
Temple:   grunt_wide_crystal_templ

Skill      XL: |  1  2  3  4  5  6  7  8  9 |
---------------+----------------------------+-----
Unarmed Combat | 1 2 3 4 6 7 9 11 13 | 13.6
Fighting       | |  1.5
Throwing       | |  3.6
Dodging        | |  1.5
Stealth        | |  0.3

Action                   |  1- 3 |  4- 6 |  7- 9 || total
-------------------------+-------+-------+-------++-------
Melee: Unarmed           |    91 |   120 |   332 ||   543
       Short sword       |     4 |       |       ||     4
       Punch             |     2 |     3 |     8 ||    13
Throw: Large rock        |       |     3 |     5 ||     8
  Use: Potion            |       |     1 |       ||     1
       Scroll            |       |       |     7 ||     7
 Stab: Sleeping          |     1 |     1 |     2 ||     4
Armor: Robe              |    33 |    31 |    78 ||   142
Dodge: Dodged            |    48 |    48 |   129 ||   225
